 Dungeon Crawl Stone Soup version 0.29.1 (webtiles) character file.

Game seed: 14698887071830182185

29 Iusername the Trooper (level 3, -4/33 HPs)
             Began as a Hill Orc Fighter on Sept 14, 2022.
             Killed from afar by Natasha (6 damage)
             ... with a magic dart
             ... on level 2 of the Dungeon.
             The game lasted 00:01:37 (1508 turns).

Iusername the Trooper (Hill Orc Fighter)            Turns: 1508, Time: 00:01:39

Health: -4/33      AC:  6    Str: 20    XL:     3   Next: 16%
Magic:  3/3        EV:  9    Int:  8    God:
Gold:   46         SH:  4    Dex: 10    Spells: 2/2 levels left

rFire   . . .      SeeInvis .   a - +0 war axe
rCold   . . .      Faith    .   c - +0 buckler
rNeg    . . .      Spirit   .   b - +0 scale mail
rPois   .          Reflect  .   (no helmet)
rElec   .          Harm     .   (no cloak)
rCorr   .          Rampage  .   (no gloves)
Will    .....                   (no boots)
Stlth   ..........              (no amulet)
HPRegen 0.11/turn               (no ring)
MPRegen 0.08/turn               (no ring)

@: no status effects
A: no striking features
a: no special abilities


You were on level 2 of the Dungeon.
You visited 1 branch of the dungeon, and saw 2 of its levels.

You collected 46 gold pieces.

Inventory:

Hand Weapons
 a - a +0 war axe (weapon)
Missiles
 k - 3 silver boomerangs (quivered)
Armour
 b - a +0 scale mail (worn)
 c - a +0 buckler (worn)
Jewellery
 i - a +6 ring of intelligence
Scrolls
 e - a scroll of enchant armour {unknown}
 g - 2 scrolls of teleportation {unknown}
 j - a scroll of silence {unknown}
Potions
 d - a potion of might
 f - a potion of curing {unknown}
 h - a potion of degeneration {unknown}


   Skills:
 + Level 4.0 Fighting
 + Level 3.3 Axes
 + Level 3.6 Armour
 + Level 3.6 Shields


You had 2 spell levels left.
You didn't know any spells.
Your spell library was empty.

Dungeon Overview and Level Annotations

Branches:
Dungeon (2/15)

Altars:

Annotations:
D:2 Natasha


Message History

The shadow imp gestures at you. Pain shoots through your body!
You block the crimson imp's attack. Natasha claws you.
You closely miss the crimson imp.
The crimson imp is lightly wounded.
You hit Natasha but do no damage.
The crimson imp hits you but does no damage.
The shadow imp gestures at you. Pain shoots through your body!
You block Natasha's attack. The shadow imp gestures at you.
You barely resist.
The crimson imp hits you but does no damage.
You block Natasha's attack.
The crimson imp lashes its tail.
You block the crimson imp's attack.
You barely miss Natasha. You slash the crimson imp!
Natasha claws you but does no damage.
The crimson imp hits you but does no damage.
Natasha claws you.
* * * LOW HITPOINT WARNING * * *
You slash Natasha!
Natasha is heavily wounded.
You miss the crimson imp.
The crimson imp hits you but does no damage.
Natasha claws you.
* * * LOW HITPOINT WARNING * * *
You hit Natasha.
Natasha is almost dead.
You miss the crimson imp.
The crimson imp disappears in a puff of smoke!
Natasha mumbles some strange words.
The shadow imp hits you.
* * * LOW HITPOINT WARNING * * *
You closely miss Natasha.
Natasha is almost dead.
You hit the shadow imp. Natasha barely misses you.
The shadow imp hits you but does no damage.
Natasha stares at you and mumbles some strange words.
The magic dart hits you.
You die...

#.##...####
#.........######
#....<.........#
#.........####.#
#.##...#######.## ###
##...## #.....#
....#.....###.##..#
##.......##.##..##
#...§.@...#......##
+...§5h...+.......###
#.........#.........#
##.....5.###.##.###.#
##.....## #.#### #.#
##...## #.######.#
##+## #...[.##.#
#.###.##.# #.###.##.#


You could see an iron imp (summoned), Natasha and a shadow imp (summoned).

Vanquished Creatures
  A dart slug (D:2)
  2 bats (D:1)
  2 endoplasms (D:1)
  A giant cockroach (D:1)
  3 goblins (D:1)
  2 hobgoblins (D:1)
  4 jackals (D:1)
  2 quokkas (D:1)
  A ball python (D:1)
  A kobold (D:1)
  5 rats (D:1)
24 creatures vanquished.

Notes
Turn   | Place    | Note
-------+----------+-------------------------------------------
     0 | D:1      | Iusername the Hill Orc Fighter began the quest for the Orb.
     0 | D:1      | Reached XP level 1. HP: 19/19 MP: 1/1
   177 | D:1      | Found a faded altar of an unknown god.
   213 | D:1      | Reached XP level 2. HP: 21/27 MP: 2/2
   243 | D:1      | Reached skill level 4 in Fighting
  1169 | D:1      | Reached XP level 3. HP: 29/33 MP: 3/3
  1498 | D:2      | Noticed Natasha
  1508 | D:2      | Killed from afar by Natasha

Illustrated notes

Levels and vault maps discovered:
D:1:      nagdon_arrival_double_spiral, layout_basic,
          dreamdust_ecumenical_altar_grove
D:2:      layout_loops_corners, uniq_terence, uniq_natasha, uniq_robin

Skill      XL: |  1  2 |
---------------+-------+-----
Axes           | 3 |  3.3
Fighting       | 4 |  4.0
Armour         | |  3.6
Shields        | |  3.6

Action                   || total
-------------------------++-------
Melee: War axe           ||    69
Armor: Scale mail        ||    49
Dodge: Dodged            ||    38
Block: Buckler           ||    24
